 Dungeon Crawl Stone Soup version 0.29.1-1-gd02db69 (webtiles) character file.

Game seed: 8189262542106107457

101126 Timinator the Martial Artist (level 15, -3/125 HPs)
             Began as a Demigod Transmuter on Jan 18, 2023.
             Constricted to death by a shambling mangrove (5 damage)
             ... on level 3 of the Swamp.
             The game lasted 01:43:28 (21730 turns).

Timinator the Martial Artist (Demigod Transmuter)  Turns: 21730, Time: 01:43:29

Health: -3/125     AC: 19    Str: 19    XL:     15   Next: 36%
Magic:  21/26      EV: 19    Int: 17    God:
Gold:   1204       SH:  0    Dex: 24    Spells: 13/24 levels left

rFire   + . .      SeeInvis .     - Unarmed
rCold   + . .      Faith    .   (shield currently unavailable)
rNeg    + . .      Spirit   .   t - +7 leather armour "Simewnoll" {rF+ rN+ Int+2}
rPois   .          Reflect  .   x - +1 helmet
rElec   .          Harm     .   q - +2 cloak
rCorr   .          Rampage  .   (gloves currently unavailable)
Will    +....                   Q - +1 pair of boots
Stlth   ++........              s - amulet of regeneration
HPRegen 1.10/turn               u - +4 ring of slaying
MPRegen 0.20/turn               R - ring "Seymakiud" {Fly rC+}

@: blade hands, marked, wereblooded, grasped by roots, flying, constricted,
studying Shields
A: high MP 1, forlorn, divine attributes, talons 1, iridescent scales 1, clumsy
1, sense surroundings 1, inability to drink after injury 1, MP-powered wands
a: End Transformation


You were on level 3 of the Swamp.
You had blades for hands.
You visited 4 branches of the dungeon, and saw 21 of its levels.

You collected 3247 gold pieces.
You spent 2043 gold pieces at shops.

Inventory:

Missiles
 p - 27 poisoned darts (quivered)
 r - 7 curare-tipped darts
 J - 6 throwing nets
 M - 3 javelins
Armour
 a - a +2 pair of gloves (melded)
 n - a +0 ring mail
 q - a +2 cloak (worn)
 t - the +7 leather armour "Simewnoll" (worn) {rF+ rN+ Int+2}
   (You found it on level 5 of the Lair of Beasts)

   Int:       It affects your intelligence (+2).
   rF:        It protects you from fire.
   rN:        It protects you from negative energy.
 x - a +1 helmet (worn)
 Q - a +1 pair of boots (worn)
Jewellery
 s - an amulet of regeneration (around neck)
 u - a +4 ring of slaying (left blade hand)
 y - a +4 ring of protection
 A - a ring of wizardry
 R - the ring "Seymakiud" (right blade hand) {Fly rC+}
   (You found it on level 2 of the Lair of Beasts)

   [ring of flight]

   rC:        It protects you from cold.
   Fly:       It grants you flight.
 S - a +4 ring of evasion
Wands
 f - a wand of paralysis (20)
 m - a wand of digging (17)
 w - a wand of flame (12)
 G - a wand of roots (35)
 K - a wand of acid (29)
 P - a wand of mindburst (3)
Scrolls
 b - 11 scrolls of teleportation
 g - a scroll of enchant armour
 k - 5 scrolls of fog
 l - 3 scrolls of fear
 v - 4 scrolls of blinking
 B - 2 scrolls of enchant weapon
 C - 3 scrolls of amnesia
 D - 2 scrolls of poison
 F - 3 scrolls of magic mapping
 H - 2 scrolls of identify
 T - 3 scrolls of silence
Potions
 c - a potion of mutation
 d - 12 potions of curing
 e - 6 potions of haste
 h - 2 potions of lignification
 i - 3 potions of flight
 j - 3 potions of magic
 o - 3 potions of resistance
 z - 4 potions of brilliance
 E - a potion of heal wounds
 I - 2 potions of attraction
 N - 2 potions of ambrosia
 O - a potion of might
 U - a potion of cancellation
Miscellaneous
 L - a phantom mirror


   Skills:
 + Level 9.6 Fighting
 - Level 5.0 Throwing
 - Level 3.0 Armour
 * Level 12.7 Dodging
 * Level 13.9 Unarmed Combat
 - Level 5.0 Spellcasting
 * Level 12.7 Transmutations
 - Level 4.2 Ice Magic
 + Level 6.5 Evocations


You had 13 spell levels left.
You knew the following spells:

 Your Spells              Type           Power      Damage    Failure   Level
a - Blade Hands           Tmut           23%        N/A       24%         5
b - Wereblood             Tmut           47%        N/A       8%          2
c - Ice Form              Ice/Tmut       33%        N/A       34%         4

Your spell library contained the following spells:

 Spells                   Type           Power      Damage    Failure   Level
 Beastly Appendage        Tmut           94%        N/A       7%          1
 Spider Form              Tmut/Pois      25%        N/A       28%         3
 Frozen Ramparts          Ice            36%        1d6       43%         3
 Ignite Poison            Fire/Tmut/Pois 18%        N/A       43%         3
 Apportation              Tloc           8%         N/A       58%         1
 Alistair's Intoxication  Tmut/Pois      16%        N/A       77%         5
 Mephitic Cloud           Conj/Pois/Air  4%         N/A       85%         3
 Summon Guardian Golem    Hex/Summ       4%         N/A       85%         3
 Summon Ice Beast         Ice/Summ       11%        N/A       90%         4
 Animate Armour           Summ/Erth      8%         N/A       99%         4
 Corpse Rot               Necr/Pois/Air  4%         N/A       99%         4
 Dispel Undead            Necr           4%         3d7       99%         4
 Passage of Golubria      Tloc           4%         N/A       99%         4
 Freezing Cloud           Conj/Ice/Air   4%         6-21      99%         5
 Silence                  Hex/Air        2%         N/A       100%        5
 Death Channel            Necr           2%         N/A       100%        6
 Iron Shot                Conj/Erth      2%         9d2       100%        6
 Orb of Destruction       Conj           2%         9d5       100%        7
 Spellforged Servitor     Conj/Summ      2%         N/A       100%        7
 Lehudib's Crystal Spear  Conj/Erth      2%         10d2      100%        8


Dungeon Overview and Level Annotations

Branches:
Dungeon (11/15)            Temple (0/1) D:7            Lair (5/5) D:11
  Swamp (3/4) Lair:2        Snake (0/4) Lair:3        Slime (0/5) Lair:5
    Orc (2/2) D:11            Elf (0/3) Orc:2

Shops:
D:1 *   D:3 *   D:9 *   Orc:1 :   Orc:2 (:**

Annotations:
Swamp:3 2 runed translucent doors


Innate Abilities, Weirdness & Mutations

You have blades for hands.
Your spellcasting is less reliable in this form.
You are incapable of wielding weapons or throwing items.
You have an increased reservoir of magic. (+10% MP)
You shall have no god before yourself.
Your divine heritage dramatically boosts your attributes as you level up.
You have sharp toenails.
You are partially covered in iridescent scales. (AC +2)
You are clumsy. (Dex -2)
You passively map a small area around you.
You occasionally lose the ability to drink potions when taking damage.
You expend magic power (3 MP) to strengthen your wands.


Message History

The alligator misses you. The alligator completely misses you.
The swamp worm completely misses you.
You hit the swamp worm. You slash the swamp worm.
The swamp worm is severely wounded.
The alligator closely misses you. The alligator barely misses you.
The swamp worm misses you.
You hit the swamp worm. You slash the swamp worm!
You feel a bit better.
You kill the swamp worm!
The alligator barely misses you. The alligator misses you.
The alligator closely misses you.
The alligator tail-slaps you but does no damage.
The alligator bites you!
The alligator tail-slaps you but does no damage.
The alligator bites you. The alligator misses you. The alligator bites you.
The alligator tail-slaps you but does no damage.
The alligator attacks as you move away! The alligator bites you!
The alligator completely misses you.
The alligator bites you but does no damage.
The alligator barely misses you. The alligator closely misses you. x2
The alligator misses you. The alligator tail-slaps you!
The alligator misses you. The alligator barely misses you.
Roots burst forth from the earth!
The grasping roots grab you! The grasping roots constrict you!
* * * LOW HITPOINT WARNING * * *
The alligator closely misses you. x2
The roots grasp on you weakens, but your attempt to escape fails.
The alligator barely misses you.
The alligator tail-slaps you but does no damage.
The alligator puts on a burst of speed!
The grasping roots constrict you!
* * * LOW HITPOINT WARNING * * *
You escape the roots grasp.
The alligator bites you.
* * * LOW HITPOINT WARNING * * *
The alligator tail-slaps you but does no damage.
The alligator bites you!
* * * LOW HITPOINT WARNING * * *
The alligator closely misses you.
Roots burst forth from the earth!
The grasping roots grab you! The grasping roots constrict you.
You die...

* ♣~..♣><~~. * *
...♣ ♣.~~~.~....
.~.♣* ♣..~..~~♣~. *
~~~ ♣.~~~....~.
♣~.♣♣♣♣~~~≈≈..~~~,
♣...♣♣~~.≈≈≈≈≈.~~
♣.....~.≈≈≈≈≈≈...
♣<.♣.....≈≈≈≈≈.§~..
*♣@t~..>.≈≈≈≈≈.§~~.
♣tt....≈≈≈≈≈≈..~..
♣♣~.♣.≈≈≈≈≈≈≈..~.♣
♣♣...≈≈≈≈≈≈......
♣.f..≈≈≈≈..~.~~♣
♣♣.♣≈≈≈≈......~~
♣.<♣.)..~.~~~~~
♣♣..)...~~.~§.♣
♣~♣)~~~~~~~~.~


You could see a shambling mangrove and 3 alligators.

Vanquished Creatures
  A fenstrider witch (Swamp:2)
  An orc warlord (Orc:1)
  Louise (Swamp:1)
  Nessos (Lair:2)
  2 eleionomae
  A minotaur (Lair:1)
  2 bunyips
  The ghost of mdmota the Fighter, a journeyman DjCK of Xom (Lair:1)
  Josephine (D:10)
  A shambling mangrove (Swamp:2)
  Fannar (Lair:2)
  Harold (D:9)
  12 hydras
  An ice dragon (Lair:5)
  A catoblepas (Lair:3)
  Erica (D:9)
  A two-headed ogre (D:11)
  4 death yaks
  An alligator (Swamp:1)
  9 spriggans
  A fire crab (Lair:5)
  3 goliath frogs
  2 swamp dragons
  6 lindwurms (Lair:5)
  11 orc knights
  A bog body (Swamp:1)
  An oklob plant (Lair:3)
  A manticore (D:11)
  8 will-o-the-wisps
  3 elephants (Lair:5)
  7 torpor snails
  6 black mambas
  Maurice (D:11)
  Maggie (D:9)
  11 cane toads
  Psyche (D:9)
  11 komodo dragons
  2 rime drakes
  6 trolls
  6 tyrant leeches
  11 polar bears
  17 hornets
  2 raiju (Lair:5)
  8 dream sheep
  29 blink frogs
  44 yaks
  Eustachio (D:6)
  4 wyverns
  6 wraiths
  2 basilisks
  A steam dragon (D:7)
  9 vampire mosquitoes
  16 wargs
  3 nagas (Lair:3)
  7 swamp worms
  15 water moccasins
  Duvessa (D:7)
  13 hell hounds (Lair:5)
  A sky beast (D:6)
  38 orc warriors
  A swamp drake (Swamp:2)
  13 black bears
  4 ice beasts
  7 ogres
  6 centaurs
  25 wolves
  2 phantoms
  A kobold brigand (D:7)
  9 bullfrogs
  2 gnoll sergeants
  A scorpion (D:7)
  Dowan (D:7)
  5 howler monkeys
  A jelly (D:8)
  13 orc priests
  2 hounds
  Jessica (D:3)
  3 iguanas
  17 orc wizards
  Robin (D:3)
  15 gnolls
  9 adders
  A shadow imp (D:6)
  3 white imps
  3 ufetubi
  A worm (D:3)
  3 dart slugs
  83 orcs
  9 endoplasms
  3 giant cockroaches
  10 goblins
  10 hobgoblins
  12 jackals
  9 kobolds
  A quokka (D:2)
  8 ball pythons
  6 bats
  3 frilled lizards
  3 rats
668 creatures vanquished.

Vanquished Creatures (others)
  48 foxfires
  12 fungi
  38 plants
98 creatures vanquished.

Grand Total: 766 creatures vanquished

Notes
Turn   | Place    | Note
-------+----------+-------------------------------------------
     0 | D:1      | Timinator the Demigod Transmuter began the quest for the
                  | Orb.
     0 | D:1      | Reached XP level 1. HP: 15/15 MP: 5/5
   149 | D:1      | Reached skill level 1 in Fighting
   613 | D:1      | Reached XP level 2. HP: 21/23 MP: 4/7
   824 | D:1      | Found Hoetar's Assorted Antiques.
   857 | D:1      | Reached skill level 3 in Unarmed Combat
   866 | D:1      | Learned a level 2 spell: Wereblood
  1223 | D:2      | Reached XP level 3. HP: 18/28 MP: 6/8
  1483 | D:2      | Reached skill level 1 in Armour
  1503 | D:2      | HP: 2/42 [orc wizard/+0 dagger (2)]
  1506 | D:2      | Reached XP level 4. HP: 3/35 MP: 10/10
  2328 | D:3      | Noticed Robin
  2335 | D:3      | Killed Robin
  2433 | D:3      | Noticed Jessica
  2441 | D:3      | Killed Jessica
  2442 | D:3      | Reached XP level 5. HP: 30/41 MP: 9/11
  3349 | D:3      | Found Muttiuc's General Store.
  3352 | D:3      | Bought a scroll of identify for 20 gold pieces
  3352 | D:3      | Bought a potion of berserk rage for 50 gold pieces
  3352 | D:3      | Bought a potion of lignification for 30 gold pieces
  3352 | D:3      | Bought 4 poisoned darts for 16 gold pieces
  3356 | D:3      | Gained mutation: You possess an exceptional clarity of
                  | mind. [potion of mutation]
  3356 | D:3      | Gained mutation: Your body sometimes deteriorates upon
                  | taking damage. [potion of mutation]
  3357 | D:3      | Lost mutation: You possess an exceptional clarity of mind.
                  | [potion of mutation]
  3357 | D:3      | Lost mutation: Your body sometimes deteriorates upon taking
                  | damage. [potion of mutation]
  3357 | D:3      | Gained mutation: Your muscles are strong. (Str +4, Int/Dex
                  | -1) [potion of mutation]
  3357 | D:3      | Gained mutation: You have a pair of small antennae on your
                  | head. [potion of mutation]
  3357 | D:3      | Gained mutation: Your body sometimes deteriorates upon
                  | taking damage. [potion of mutation]
  3357 | D:3      | Gained mutation: You are robust. (+10% HP) [potion of
                  | mutation]
  3358 | D:3      | Lost mutation: You are robust. (+10% HP) [potion of
                  | mutation]
  3358 | D:3      | Lost mutation: You have a pair of small antennae on your
                  | head. [potion of mutation]
  3358 | D:3      | Lost mutation: Your body sometimes deteriorates upon taking
                  | damage. [potion of mutation]
  3358 | D:3      | Gained mutation: You occasionally shout uncontrollably at
                  | your foes. [potion of mutation]
  3358 | D:3      | Gained mutation: Your flesh is cold resistant. (rC+)
                  | [potion of mutation]
  3358 | D:3      | Gained mutation: You are resistant to electric shocks.
                  | (rElec) [potion of mutation]
  3431 | D:4      | Noticed a black bear
  3439 | D:4      | Reached skill level 4 in Unarmed Combat
  3439 | D:4      | Reached XP level 6. HP: 34/48 MP: 9/13
  3463 | D:4      | Identified the +3 sling of Evolution {vorpal, rPois rF++
                  | Str-5}
  3958 | D:4      | Reached XP level 7. HP: 18/56 MP: 12/14
  4239 | D:5      | Entered Level 5 of the Dungeon
  4274 | D:5      | Reached skill level 5 in Unarmed Combat
  4665 | D:6      | Noticed Eustachio
  4689 | D:6      | Killed Eustachio
  4850 | D:6      | Reached XP level 8. HP: 60/64 MP: 15/15
  4884 | D:6      | Reached skill level 1 in Throwing
  5196 | D:6      | Reached skill level 6 in Unarmed Combat
  5400 | D:6      | Learned a level 4 spell: Ice Form
  5689 | D:7      | Found a staircase to the Ecumenical Temple.
  5818 | D:7      | You fall into a shaft and drop 3 floors!
  5818 | D:10     | Entered Level 10 of the Dungeon
  5824 | D:10     | Found a large runed translucent door.
  5825 | D:10     | Found a large runed translucent door.
  5859 | D:10     | Noticed a troll
  5868 | D:10     | Killed a troll
  5869 | D:10     | Reached skill level 7 in Unarmed Combat
  5869 | D:10     | Reached XP level 9. HP: 63/72 MP: 14/16
  5928 | D:9      | Noticed a +0 falchion
  5929 | D:9      | Noticed a +0 dagger
  5929 | D:9      | Noticed a +0 dagger
  5929 | D:9      | Noticed a +0 falchion
  5930 | D:9      | Noticed Erica
  5930 | D:9      | Noticed a +0 short sword
  5932 | D:9      | Noticed a +0 spear
  5934 | D:9      | Noticed a +0 spear
  5944 | D:9      | Reached skill level 5 in Transmutations
  5960 | D:8      | Reached skill level 5 in Fighting
  5960 | D:8      | Reached skill level 5 in Dodging
  6218 | D:7      | Noticed Duvessa
  6219 | D:7      | Noticed Dowan
  6231 | D:7      | Killed Duvessa
  6233 | D:7      | Killed Dowan
  6724 | D:8      | Reached skill level 8 in Unarmed Combat
  7288 | D:9      | Reached XP level 10. HP: 52/82 MP: 17/17
  7382 | D:9      | Noticed Harold
  7409 | D:9      | Noticed Psyche
  7430 | D:9      | Killed Psyche
  7475 | D:9      | Killed Harold
  7520 | D:9      | Killed Erica
  7521 | D:9      | Reached skill level 9 in Unarmed Combat
  7637 | D:9      | Noticed Maggie
  7658 | D:9      | Killed Maggie
  7844 | D:9      | Noticed a +0 short sword
  7932 | D:9      | Found Voeres's General Store.
  7937 | D:9      | Bought 3 scrolls of identify for 84 gold pieces
  7944 | D:9      | Reached XP level 11. HP: 89/89 MP: 19/19
  8615 | D:10     | Reached skill level 5 in Throwing
  9184 | D:11     | Noticed Josephine
  9198 | D:10     | Killed Josephine
  9199 | D:10     | Reached skill level 10 in Unarmed Combat
  9358 | D:11     | Found a staircase to the Lair.
  9387 | D:11     | Found a staircase to the Orcish Mines.
  9558 | D:11     | Noticed a two-headed ogre
  9570 | D:11     | Killed a two-headed ogre
  9571 | D:11     | Reached XP level 12. HP: 97/97 MP: 18/20
  9608 | D:11     | Noticed Maurice
  9626 | D:11     | Killed Maurice
  9997 | Lair:1   | Entered Level 1 of the Lair of Beasts
 10047 | Lair:1   | Reached skill level 1 in Evocations
 10072 | Lair:1   | Noticed a seven-headed hydra
 10081 | Lair:1   | Killed a seven-headed hydra
 10162 | Lair:1   | Noticed an eight-headed hydra
 10170 | Lair:1   | Killed an eight-headed hydra
 10271 | Lair:1   | Found a transporter.
 10271 | Lair:1   | Noticed mdmota's ghost (journeyman DjCK)
 10410 | Lair:1   | Found a transporter.
 10657 | Lair:1   | Found a runed translucent door.
 10715 | Lair:1   | Noticed a minotaur
 10728 | Lair:1   | Killed a minotaur
 10939 | Lair:1   | Reached skill level 11 in Unarmed Combat
 10955 | Lair:1   | Killed mdmota's ghost
 11347 | Lair:2   | Reached XP level 13. HP: 85/106 MP: 18/21
 11454 | Lair:2   | Identified the ring "Seymakiud" {Fly rC+}
 11474 | Lair:2   | Reached skill level 10 in Dodging
 11474 | Lair:2   | Reached skill level 10 in Transmutations
 11512 | Lair:2   | Found a staircase to the Swamp.
 11687 | D:9      | Bought a book of Iron for 504 gold pieces
 11696 | D:9      | Learned a level 5 spell: Blade Hands
 12284 | Lair:3   | Noticed Fannar
 12456 | Lair:3   | Noticed Nessos
 12471 | Lair:2   | Killed Fannar
 12598 | Lair:2   | Killed Nessos
 12777 | Lair:3   | Reached skill level 12 in Unarmed Combat
 12854 | Lair:3   | Found a staircase to the Snake Pit.
 14283 | Lair:5   | Entered Level 5 of the Lair of Beasts
 14283 | Lair:5   | Found a staircase to the Slime Pits.
 15032 | Lair:5   | Reached XP level 14. HP: 116/116 MP: 15/23
 15132 | Lair:5   | Lost mutation: You occasionally shout uncontrollably at
                  | your foes. [potion of mutation]
 15132 | Lair:5   | Lost mutation: Your muscles are strong. (Str +4, Int/Dex
                  | -1) [potion of mutation]
 15132 | Lair:5   | Gained mutation: Your spells are a little easier to cast,
                  | but a little less powerful. [potion of mutation]
 15132 | Lair:5   | Gained mutation: You have sharp fingernails. [potion of
                  | mutation]
 15132 | Lair:5   | Gained mutation: Your muscles are strong. (Str +4, Int/Dex
                  | -1) [potion of mutation]
 15133 | Lair:5   | Lost mutation: You have sharp fingernails. [potion of
                  | mutation]
 15133 | Lair:5   | Lost mutation: Your muscles are strong. (Str +4, Int/Dex
                  | -1) [potion of mutation]
 15133 | Lair:5   | Lost mutation: You are resistant to electric shocks.
                  | (rElec) [potion of mutation]
 15133 | Lair:5   | Gained mutation: You possess an exceptional clarity of
                  | mind. [potion of mutation]
 15133 | Lair:5   | Gained mutation: You are somewhat resistant to further
                  | mutation. [potion of mutation]
 15133 | Lair:5   | Gained mutation: You are frail. (-10% HP) [potion of
                  | mutation]
 15134 | Lair:5   | Lost mutation: Your spells are a little easier to cast, but
                  | a little less powerful. [potion of mutation]
 15134 | Lair:5   | Lost mutation: Your flesh is cold resistant. (rC+) [potion
                  | of mutation]
 15134 | Lair:5   | Lost mutation: You possess an exceptional clarity of mind.
                  | [potion of mutation]
 15134 | Lair:5   | Gained mutation: Your spells are a little easier to cast,
                  | but a little less powerful. [potion of mutation]
 15241 | Lair:5   | Found a runed translucent door.
 15492 | Lair:5   | Reached skill level 5 in Evocations
 15496 | Lair:5   | Paralysed by a hornet for 1 turns
 16119 | Lair:5   | Reached skill level 13 in Unarmed Combat
 16280 | Lair:5   | Lost mutation: Your spells are a little easier to cast, but
                  | a little less powerful. [potion of mutation]
 16280 | Lair:5   | Lost mutation: You are somewhat resistant to further
                  | mutation. [potion of mutation]
 16280 | Lair:5   | Gained mutation: You are weak. (Str -2) [potion of
                  | mutation]
 16280 | Lair:5   | Gained mutation: You expend magic power (3 MP) to
                  | strengthen your wands. [potion of mutation]
 16280 | Lair:5   | Gained mutation: You passively map a small area around you.
                  | [potion of mutation]
 16554 | Lair:5   | Identified the +7 leather armour "Simewnoll" {rF+ rN+
                  | Int+2}
 16672 | Orc:1    | Entered Level 1 of the Orcish Mines
 16699 | Orc:1    | Found Wiokyu's Self-Improvement Boutique.
 17106 | Orc:2    | Entered Level 2 of the Orcish Mines
 17110 | Orc:2    | Found a staircase to the Elven Halls.
 17235 | Orc:2    | Noticed an orc warlord
 17747 | Orc:1    | Killed an orc warlord
 18114 | Orc:2    | Found Izieqady's Assorted Antiques.
 18114 | Orc:2    | Found Mudioh's General Store.
 18129 | Orc:2    | Bought a potion of mutation for 272 gold pieces
 18155 | Orc:2    | Found Ivvuwagh's Book Emporium.
 18155 | Orc:2    | Found Weul's Weapon Boutique.
 18173 | Orc:2    | Lost mutation: You are frail. (-10% HP) [potion of
                  | mutation]
 18173 | Orc:2    | Lost mutation: You are weak. (Str -2) [potion of mutation]
 18173 | Orc:2    | Gained mutation: You are clumsy. (Dex -2) [potion of
                  | mutation]
 18173 | Orc:2    | Gained mutation: You occasionally lose the ability to drink
                  | potions when taking damage. [potion of mutation]
 18173 | Orc:2    | Gained mutation: You are partially covered in iridescent
                  | scales. (AC +2) [potion of mutation]
 18173 | Orc:2    | Gained mutation: You have sharp toenails. [potion of
                  | mutation]
 18614 | Orc:2    | Bought a scroll of teleportation for 33 gold pieces
 18614 | Orc:2    | Bought a potion of lignification for 33 gold pieces
 18614 | Orc:2    | Bought a scroll of blinking for 82 gold pieces
 18624 | Orc:2    | Bought a potion of haste for 340 gold pieces
 18624 | Orc:2    | Bought a scroll of teleportation for 102 gold pieces
 18624 | Orc:2    | Bought a potion of lignification for 102 gold pieces
 18867 | D:1      | Bought a potion of berserk rage for 125 gold pieces
 18867 | D:1      | Bought a scroll of teleportation for 75 gold pieces
 18867 | D:1      | Bought a scroll of identify for 50 gold pieces
 18867 | D:1      | Bought a scroll labelled REOSYS SUEM for 25 gold pieces
 18867 | D:1      | Bought a scroll of fear for 100 gold pieces
 18938 | D:1      | Identified a scroll of acquirement
 18938 | D:1      | Acquired 884 gold pieces
 19181 | Swamp:1  | Entered Level 1 of the Swamp
 19622 | Swamp:1  | Identified the +6 trident "Dout" {protect, rElec rC+
                  | Stlth+}
 19952 | Swamp:1  | Noticed Louise
 20181 | Swamp:1  | Killed Louise
 20182 | Swamp:1  | Reached XP level 15. HP: 85/124 MP: 20/26
 20368 | Swamp:2  | Noticed a fenstrider witch
 20433 | Swamp:2  | Paralysed by a fenstrider witch for 5 turns
 20439 | Swamp:2  | Killed a fenstrider witch
 20624 | Swamp:2  | Reached skill level 5 in Spellcasting
 20644 | Swamp:2  | HP: 13/279 [hornet[a shambling mangrove] (7)]
 20644 | Swamp:2  | Paralysed by a hornet for 3 turns
 20652 | Swamp:2  | HP: 8/279 [hornet[a shambling mangrove] (12)]
 21685 | Swamp:3  | Found a runed translucent gate.
 21686 | Swamp:3  | Found a runed translucent gate.
 21730 | Swamp:3  | HP: 2/125 [alligator (17)]
 21730 | Swamp:3  | Constricted to death by a shambling mangrove

Illustrated notes

Levels and vault maps discovered:
D:1:      grunt_arrival_lava_bath, layout_loops_ring,
          shapermc_ecumenical_altar_ellora, serial_shops, shop
D:2:      layout_rooms, nicolae_concentric_dashed_squares_mild
D:3:      layout_loops_ring, mainiacjoe_overflow_six_doors_small, serial_shops,
          shop, minmay_box_of_dots, uniq_robin, uniq_jessica
D:4:      layout_rooms, minmay_misc_feat_rugged, lightli_minifort
D:5:      layout_rooms
D:6:      lemuel_ice_spiral_2, layout_basic,
          nicolae_kikubaaqudgha_miasma_corner, lemuel_doored_altar,
          cheibrodos_ashenzari_chains, uniq_eustachio
D:7:      layout_basic, mainiacjoe_overflow_concentric_impassable, temple_green,
          uniq_duvessa
D:8:      layout_cave_pods, lemuel_round_altar, hangedman_decor_diamond_cutter,
          kennysheep_generic_room_7
D:9:      layout_loops_cross, regret_index_temple_of_mockery,
          nicolae_uskayaw_en_pointe, nicolae_elyvilon_temple_path, serial_shops,
          nicolae_shop_crystal, uniq_erica, uniq_psyche, uniq_harold,
          uniq_maggie
D:10:     layout_basic, jmf_multi_god_temple2, mainiacjoe_overflow_24_doors
D:11:     layout_loops_cross, lair_entry_dummy, orc_0_dummy,
          minmay_crystal_room, uniq_josephine, uniq_maurice
Lair:1:   dreamdust_labyrinth, layout_misc_corridors, gammafunk_ghost_arena,
          beast_lair_carwin_6
Lair:2:   layout_misc_corridors, minmay_swamp_entry_worms, st_stairs_6,
          cheibrodos_lair_reptile_den, grunt_megastairs_1
Lair:3:   layout_cave_shapes, minmay_snake_entry_guardpost_small,
          lemuel_oklob_altar, uniq_nessos, uniq_fannar
Lair:4:   hellmonk_destroyed_diamonds, layout_regular_city
Lair:5:   hangedman_lair_caniforms_friends, layout_cave_shapes, wormcave,
          slime_entry_1, minmay_lindwurm_lava
Swamp:1:  layout_falls_marsh, basic_altar, swamp_pool2, uniq_louise
Swamp:2:  layout_basic_swamp, hangedman_swamp_pad
Swamp:3:  layout_falls_marsh, gammafunk_ghost_necromancy,
          evilmike_swamp_ruin_rubble_1, infiniplex_staircase_pool
Orc:1:    layout_caves, serial_shops, nicolae_lakefront_shop, basic_altar,
          nicolae_shop_self_help
Orc:2:    st_orc_town, layout_caves

Skill      XL: |  1  2  3  4  5  6  7  8  9 10 11 12 13 14 15 |
---------------+----------------------------------------------+-----
Fighting       | 1 2 3 4 5 6 7 8 9 |  9.6
Unarmed Combat | 3 4 5 7 8 9 10 11 12 13 | 13.9
Dodging        | 2 3 4 5 7 8 9 11 12 | 12.7
Spellcasting   | 2 3 4 5 |  5.0
Transmutations | 2 3 4 5 7 8 9 11 12 | 12.7
Armour         | 1 2 3 |  3.0
Throwing       | 2 4 5 |  5.0
Ice Magic      | 4 |  4.2
Evocations     | 3 4 6 |  6.5

Action                   |  1- 3 |  4- 6 |  7- 9 | 10-12 | 13-15 || total
-------------------------+-------+-------+-------+-------+-------++-------
Melee: Unarmed           |   117 |   206 |   229 |   360 |   948 ||  1860
       Kick              |    16 |    56 |    60 |   124 |    13 ||   269
       Headbutt          |    10 |    33 |    43 |    85 |     9 ||   180
       Punch             |       |     1 |    13 |    22 |    95 ||   131
Throw: Dart              |       |       |     4 |    28 |    14 ||    46
       Throwing net      |       |       |       |       |     1 ||     1
 Cast: Beastly Appendage |    14 |    31 |    33 |    31 |     4 ||   113
       Wereblood         |       |     8 |     9 |    20 |    71 ||   108
       Ice Form          |       |       |       |     5 |    12 ||    17
       Blade Hands       |       |       |       |       |    98 ||    98
 Abil: End Transformatio |       |       |       |       |     6 ||     6
Evoke: Wand              |       |       |       |     6 |     1 ||     7
  Use: Potion            |     1 |     4 |     2 |     3 |    16 ||    26
       Scroll            |       |     4 |     9 |     3 |    18 ||    34
 Stab: Sleeping          |     2 |     1 |       |     1 |     1 ||     5
       Invisible         |       |       |       |     5 |       ||     5
Armor: Leather armour    |    15 |    50 |    12 |       |   108 ||   185
       Robe              |     2 |       |       |       |       ||     2
       Skin              |    34 |     1 |    50 |    12 |   112 ||   209
       Ring mail         |       |       |    13 |       |       ||    13
       Steam dragon scal |       |       |    58 |    55 |   124 ||   237
Dodge: Dodged            |    58 |   127 |   140 |   277 |  1077 ||  1679
